 Dungeon Crawl Stone Soup version 0.31-a0-654-gbe3e110b4e (webtiles) character file.

Game seed: 3573694561965575600

51 IdlyInterested the Cudgeller (level 3, -1/27 HPs)
             Began as a Demonspawn Gladiator on Aug 29, 2023.
             Killed by nerve-wracking pain
             ... invoked by Jessica
              (3 damage)
             ... on level 2 of the Dungeon.
             The game lasted 00:02:31 (1033 turns).

IdlyInterested the Cudgeller (Demonspawn Gladiator) Turns: 1033, Time: 00:02:32

Health: -1/27      AC:  4    Str: 16    XL:     3   Next: 57%
Magic:  3/3        EV: 12    Int:  9    God:
Gold:   28         SH:  0    Dex: 14    Spells: 2/2 levels left

rFire   + . .        a - +0 flail
rCold   + . .        (no shield)
rNeg    . . .        b - +0 leather armour
rPois   +            c - +0 helmet
rElec   +            (no cloak)
rCorr   +            (no gloves)
SInv    .            (no boots)
Will    .....        (no amulet)
Stlth   +            (no ring)
HPRegen 0.24/turn    (no ring)
MPRegen 0.08/turn

%: no passive effects
@: resistant, slowed, very slow
A: foul stench 2
a: no special abilities


You were on level 2 of the Dungeon.
You visited 1 branch of the dungeon, and saw 2 of its levels.

You collected 28 gold pieces.

Inventory:

Hand Weapons
 a - a +0 flail (weapon)
Missiles
 d - 3 throwing nets
 e - a javelin
 h - 7 stones (quivered)
Armour
 b - a +0 leather armour (worn)
 c - a +0 helmet (worn)
Scrolls
 i - a scroll of vulnerability {unknown}
Potions
 f - a potion of curing {unknown}
 j - a potion of attraction {unknown}


   Skills:
 - Level 2.0 Fighting
 * Level 3.7 Maces & Flails
 - Level 1.7 Throwing
 + Level 1.5 Armour
 - Level 2.6 Dodging


You had 2 spell levels left.
You didn't know any spells.
Your spell library was empty.

Dungeon Overview and Level Annotations

Branches:
Dungeon (2/15)

Altars:

Annotations:
D:2 Jessica


Innate Abilities, Weirdness & Mutations

You sometimes emit foul miasma when damaged in melee.


Message History

An endoplasm comes into view.
You barely miss Jessica.
The endoplasm quivers.
Jessica casts a spell.
Jessica blinks!
Jessica casts a spell.
Jessica seems to speed up.
Jessica points at you and mumbles some strange words.
Pain shoots through your body!
Jessica mumbles something strange.
Jessica casts a spell at you. Pain shoots through your body!
Jessica hits you with a +0 club.
You closely miss Jessica. Jessica hits you with a +0 club.
You hit Jessica but do no damage.
Jessica shouts, "You're disturbing me!
I'll have to kill you!" Jessica hits you with a +0 club.
Jessica hits you but does no damage.
You hit the endoplasm but do no damage. Jessica hits you with a +0 club.
* * * LOW HITPOINT WARNING * * *
Jessica barely misses you. The endoplasm completely misses you.
You hit the endoplasm.
The endoplasm is heavily wounded.
Jessica barely misses you. The endoplasm freezes you.
You are frozen.
* * * LOW HITPOINT WARNING * * *
Jessica gestures at you while chanting.
You feel yourself slow down.
You hit the endoplasm.
You kill the endoplasm!
Jessica hits you with a +0 club.
* * * LOW HITPOINT WARNING * * *
Jessica casts a spell.
Jessica blinks!
Unknown command.
It was a potion of resistance.
You feel protected.
Jessica points at you and mumbles some strange words.
Pain shoots through your body!
You die...

#..........
#<.........# ###
####..........#
....#.†$..........#
..................##
...................#
...................#
.............§.....#
...<........)@.....#
...................#
.............@....##
....#..........[##
...###........##
#........#
..........#
##......### #......#


You could see Jessica (fast).

Vanquished Creatures
  2 adders (D:2)
  2 dart slugs (D:1)
  2 endoplasms
  3 hobgoblins (D:1)
  3 jackals (D:1)
  4 ball pythons
  2 bats (D:1)
  4 frilled lizards (D:1)
  3 goblins (D:1)
  2 kobolds
  A rat (D:1)
28 creatures vanquished.

Notes
Turn   | Place    | Note
-------+----------+-------------------------------------------
     0 | D:1      | IdlyInterested the Demonspawn Gladiator began the quest for
                  | the Orb.
     0 | D:1      | Reached XP level 1. HP: 16/16 MP: 1/1
   153 | D:1      | Reached skill level 3 in Maces & Flails
   160 | D:1      | Gained mutation: You may rarely emit foul miasma when
                  | damaged in melee. [demonic ancestry]
   160 | D:1      | Reached XP level 2. HP: 20/22 MP: 2/2
   411 | D:1      | Reached skill level 1 in Armour
   893 | D:2      | Gained mutation: You sometimes emit foul miasma when
                  | damaged in melee. [demonic ancestry]
   893 | D:2      | Reached XP level 3. HP: 12/27 MP: 3/3
  1019 | D:2      | Noticed Jessica
  1032 | D:2      | HP: 1/27 [Jessica/+0 club (3)]
  1033 | D:2      | Killed from afar by Jessica

Illustrated notes

Levels and vault maps discovered:
D:1:      dpeg_arrival_shrine, layout_basic
D:2:      layout_rooms, grunt_ministairs_7, kennysheep_doodads,
          minmay_statues_item, uniq_jessica

Skill      XL: |  1  2 |
---------------+-------+-----
Maces & Flails | 3 |  3.7
Armour         | 1 |  1.5
Fighting       | |  2.0
Throwing       | |  1.7
Dodging        | |  2.6

Action                     || total
---------------------------++-------
  Melee: Flail             ||    80
    Use: Potion            ||     1
 Armour: Leather armour    ||    33
  Dodge: Dodged            ||    66

Table legend: (Time is in decaauts)
 A = Elapsed time spent in this place.
 B = Non-inter-level travel time spent in this place.
 C = Inter-level travel time spent in this place.
 D = Time resting spent in this place.
 E = Time spent auto-exploring this place.
 F = Levels seen in this place.
 G = Mean time per level.
                   A        B        C        D        E       F      G
               +--------+--------+--------+--------+--------+-----+--------+
         Total |   1052 |   1043 |      9 |    267 |    550 |   2 |  526.0 |
       Dungeon |   1052 |   1043 |      9 |    267 |    550 |   2 |  526.0 |
               +--------+--------+--------+--------+--------+-----+--------+

Top non-repeatable levels by time:
     D:1: 900 daAuts
     D:2: 152 daAuts
